 Dungeon Crawl Stone Soup version 0.22-a0-21-g9421e3f (webtiles) character file.

220568 Yaldabaoth the Severer (level 18, -18/169 HPs)
             Began as a Minotaur Berserker on Jan 2, 2018.
             Was a Priest of Trog.
             Killed from afar by Ilsuiw (51 damage)
             ... with a shard of ice
             ... on level 4 of the Shoals.
             The game lasted 03:12:53 (38719 turns).

Yaldabaoth the Severer (Minotaur Berserker)        Turns: 38719, Time: 03:12:54

Health: -18/169    AC: 27    Str: 23    XL:     18   Next: 48%
Magic:  26/26      EV: 18    Int:  8    God:    Trog [***...]
Gold:   1741       SH: 23    Dex: 17    Spells: 17/17 levels left

rFire    + + .     SeeInvis .   a - +8 hand axe "Demon's Curse" {pain, +Inv Int+4 Stlth+}
rCold    . . .     Gourm    .   X - +1 large shield
rNeg     + . .     Faith    .   k - +4 fire dragon scales
rPois    +         Spirit   .   (helmet restricted)
rElec    .         Reflect  +   K - +1 cloak
rCorr    .         Harm     .   p - +1 pair of gloves
MR       +++..                  y - +2 pair of boots
Stlth    ++........             o - amulet of Xulog {Reflect rPois rN+ SH+3}
HPRegen  1.38/turn              T - ring of protection from cold
MPRegen  0.20/turn              A - +2 ring of evasion

@: about to teleport, slightly contaminated, regenerating
A: retaliatory headbutt, hooves 1, horns 2, MP-powered wands
}: 1/15 runes: gossamer
a: Berserk, Trog's Hand, Burn Spellbooks, Renounce Religion, Evoke Invisibility


You were on level 4 of the Shoals.
You worshipped Trog.
Trog was most pleased with you.
You were not hungry.

You visited 6 branches of the dungeon, and saw 32 of its levels.
You visited 1 bazaar.
You also visited: Sewer, Ossuary and Ice Cave.

You collected 3156 gold pieces.
You spent 1415 gold pieces at shops.

Inventory:

Hand Weapons
 a - the +8 hand axe "Demon's Curse" (weapon) {pain, +Inv Int+4 Stlth+}
   (You found it in an ice cave)

   In the hands of one skilled in necromantic magic, it inflicts extra damage on
   living creatures.
   It affects your intelligence (+4).
   It lets you turn invisible.
   It makes you more stealthy.
 b - a +2 broad axe of flaming
Missiles
 z - 5 steel tomahawks
 L - 14 tomahawks of returning (quivered)
Armour
 k - +4 fire dragon scales (worn)
 p - a +1 pair of gloves (worn)
 y - a +2 pair of boots (worn)
 K - a +1 cloak (worn)
 X - a +1 large shield (worn)
Jewellery
 g - the amulet of Vitality {Regen+ HP+15}
   (You found it on level 14 of the Dungeon)

   [amulet of regeneration]

   It affects your health (+15).
   It increases your rate of regeneration.
 j - the amulet of Rihooreh {Spirit rElec rF++ Slay+3}
   (You bought it in a shop on level 12 of the Dungeon)

   [amulet of guardian spirit]

   It causes incoming damage to be split between your health and magic.
   It affects your accuracy and damage with ranged weapons and melee attacks
   (+3).
   It greatly protects you from fire.
   It insulates you from electricity.
 o - the amulet of Xulog (around neck) {Reflect rPois rN+ SH+3}
   (You found it on level 13 of the Dungeon)

   [amulet of reflection]

   It shields you and reflects attacks.
   It protects you from poison.
   It protects you from negative energy.
   It affects your SH (+3).
 A - a +2 ring of evasion (right hand)
 B - an uncursed ring of protection from magic
 R - an uncursed ring of protection from magic
 T - a ring of protection from cold (left hand)
 W - an uncursed ring of poison resistance
Wands
 m - a wand of random effects (19)
 v - a wand of disintegration (24)
 x - a wand of paralysis (14)
 G - a wand of polymorph (9)
 I - a wand of acid (11)
 S - a wand of digging (7)
 U - a wand of iceblast (25)
Scrolls
 f - 6 scrolls of identify
 r - 3 scrolls of magic mapping
 t - 3 scrolls of enchant weapon
 u - 13 scrolls of remove curse
 C - a scroll of fear
 D - 2 scrolls of teleportation
 N - 2 scrolls of brand weapon
 Q - a scroll of fog
Potions
 d - a potion of ambrosia
 e - 2 potions of flight
 h - a potion of invisibility
 i - a potion of agility
 l - 9 potions of curing
 E - a potion of cancellation
 F - 3 potions of lignification
 H - 3 potions of haste
 J - 5 potions of brilliance
 M - a potion of resistance
 Y - 3 potions of might
 Z - 6 potions of mutation
Books
 q - a book of Maledictions

   Spells                             Type                      Level
   a - Corona                         Hexes                        1
   b - Ensorcelled Hibernation        Hexes/Ice                    2
   c - Confuse                        Hexes                        3
   d - Tukima's Dance                 Hexes                        3
   e - Dazzling Spray                 Conjuration/Hexes            3
   Trog disapproves of the use of such an item.
 V - a book of Misfortune

   Spells                             Type                      Level
   a - Confusing Touch                Hexes                        1
   b - Confuse                        Hexes                        3
   c - Gell's Gravitas                Translocation                3
   d - Petrify                        Transmutation/Earth          4
   e - Metabolic Englaciation         Hexes/Ice                    5
   f - Yara's Violent Unravelling     Hexes/Transmutation          5
   Trog disapproves of the use of such an item.
Miscellaneous
 n - a fan of gales
 s - a lamp of fire
 w - a lightning rod (4/4)
 P - a phial of floods
Comestibles
 c - 7 rations


   Skills:
 + Level 17.1 Fighting
 + Level 17.7 Axes
 + Level 9.4 Throwing
 + Level 16.9 Armour
 + Level 13.1 Dodging
 - Level 3.0 Stealth
 + Level 12.3 Shields
 - Level 12.3 Evocations


You had 17 spell levels left.
You didn't know any spells.

Dungeon Overview and Level Annotations

Branches:
Dungeon (15/15)            Temple (1/1) D:5            Lair (6/6) D:10
 Shoals (4/4) Lair:4       Spider (4/4) Lair:4        Slime (0/5) Lair:6
    Orc (2/2) D:12            Elf (0/3) Orc:2        Vaults (0/5) D:14
 Depths (0/5) D:15

Altars:
Ashenzari
Cheibriados
Dithmenos
Elyvilon
Fedhas
Gozag
Hepliaklqana
Kikubaaqudgha
Makhleb
Nemelex Xobeh
Okawaru
Qazlal
Ru
Sif Muna
Trog
Uskayaw
Vehumet
Wu Jian
Xom
Yredelemnul
Zin
The Shining One
Beogh
Jiyva

Shops:
D:8 :   D:11 *   D:12 ?%=   Orc:1 %   Orc:2 *=(:

Annotations:
Shoals:4 Ilsuiw


Innate Abilities, Weirdness & Mutations

You reflexively headbutt those who attack you in melee.
You have a pair of horns on your head.
You have large cloven feet.
You expend magic power (3 MP) to strengthen your wands.


Message History

As you read the scroll of magic mapping, it crumbles to dust.
You feel aware of your surroundings. You block the merfolk siren's attack.
The snapping turtle barely misses you. You block Ilsuiw's attack.
No item to drop.
What are your orders? t - Shout!
Orders for allies: a - Attack new target. r - Retreat! s - Stop attacking. g - Guard the area. f - Follow me.
Anything else - Cancel.
Okay, then.
As you read the scroll of teleportation, it crumbles to dust.
You feel strangely unstable.
The snapping turtle bites you from afar.
* * * LOW HITPOINT WARNING * * *
The merfolk siren barely misses you. You furiously retaliate!
You headbutt the merfolk siren! Ilsuiw gestures at you while chanting.
The shard of ice hits you!
You die...

*≈≈≈≈≈***≈*≈*≈≈##...≈#≈≈≈*≈,,[..,
*≈≈≈≈≈≈*≈≈≈≈≈≈≈##...#≈≈≈≈≈*,,,,,≈
*≈≈≈≈≈≈**≈*≈*≈*#≈...≈≈≈≈≈≈≈,,,,,≈
*≈≈≈≈≈≈**≈≈≈≈≈*#≈...#≈≈≈≈≈*,,,,,,
*≈≈≈≈≈**≈≈*≈*≈*#≈..P≈#≈≈≈*≈,,,,,,
*≈≈≈≈≈≈*≈≈≈≈≈≈≈#....P≈#≈#≈,,,,,,,
*≈≈≈≈≈≈**≈***≈##≈...PP....,,,,,,,
*≈≈≈≈≈≈≈*** ###≈m...P...≈≈,,,,,,,
*≈≈≈≈≈≈≈#####≈#.@.PP...≈≈≈≈,,,,,≈
*≈≈≈≈≈≈≈≈≈≈≈≈Em≈≈≈≈PPP≈≈≈≈≈≈≈,≈≈≈
*≈≈≈≈≈≈≈≈≈≈≈≈EE≈t≈≈≈PP≈≈≈≈≈≈≈≈≈≈≈
*≈≈≈≈≈≈≈≈≈≈≈≈≈≈?≈≈≈≈≈P≈≈≈≈≈≈≈≈≈≈≈
*≈≈≈≈≈≈≈≈≈≈≈≈≈≈≈≈≈P≈≈≈≈≈≈≈≈≈≈≈≈≈≈
*≈≈≈≈≈≈≈≈≈≈≈≈≈≈≈≈≈≈≈≈≈≈≈≈≈≈≈≈≈≈≈≈
*≈≈≈≈≈≈≈≈≈≈≈≈≈≈≈≈≈≈≈≈≈≈≈≈≈≈≈≈≈≈≈≈
*≈≈≈≈≈≈≈≈≈≈≈≈≈≈≈≈≈≈≈≈≈≈≈≈≈≈≈≈≈≈≈≈
*≈≈≈≈≈≈≈≈≈≈≈≈≈≈≈≈≈≈≈≈≈≈≈≈≈≈≈≈≈≈≈≈


You could see Ilsuiw, a snapping turtle, 3 water elementals and a merfolk siren.

Vanquished Creatures
  Mara (Shoals:3)
  Rupert (Spider:1)
  Asterion (Spider:1)
  Kirke (D:14)
  A frost giant (IceCv)
  2 ghost moths (Spider:4)
  4 emperor scorpions
  A stone giant (shapeshifter) (D:13)
  3 entropy weavers
  Azrael (Spider:1)
  The ghost of RedSky the Grappler, a journeyman TrMo (D:14)
  2 spark wasps (Spider:4)
  2 merfolk javelineers
  3 merfolk impalers
  Josephine (D:15)
  3 mummy priests (D:14)
  The ghost of mad the Arsonist, a journeyman HOFE of Beogh (D:12)
  A yaktaur captain (D:15)
  Fannar (D:10)
  A merfolk avatar (Shoals:2)
  5 hydras
  Harold (Lair:4)
  A catoblepas (D:15)
  6 two-headed ogres
  The ghost of yaymichael the Ogre Mage, a novice OgWz of Vehumet (D:9)
  4 centaur warriors
  The ghost of Bunnehwyld the Basher, a journeyman GrBe of Trog (D:10)
  3 merfolk aquamancers (Shoals:3)
  A tengu warrior (D:13)
  7 death scarabs (Spider:4)
  4 orc high priests (Orc:2)
  20 death yaks
  Urug (D:14)
  A fire crab (Lair:5)
  4 skeletal warriors (D:14)
  3 unseen horrors
  7 sea snakes
  8 harpies
  2 lindwurms (Lair:6)
  2 orc knights
  A harpy (shapeshifter) (D:13)
  3 spectral wolf spiders (Spider:4)
  A wolf spider zombie (Spider:4)
  11 orb spiders
  23 ugly things
  4 fauns
  5 orc sorcerers
  3 moths of wrath
  7 manticores
  22 wolf spiders
  3 merfolk sirens
  5 cyclopes
  A water nymph (Shoals:1)
  4 torpor snails
  An elephant (Lair:6)
  8 black mambas
  4 spiny frogs
  4 gargoyles
  5 komodo dragons
  8 rime drakes
  A freezing wraith (D:14)
  7 spectral redbacks (Spider:4)
  11 demonic crawlers
  2 guardian mummies (D:14)
  3 meliai
  19 merfolk
  4 tyrant leeches (Spider:2)
  4 trolls
  33 jumping spiders
  3 spectral jumping spiders (Spider:4)
  15 polar bears
  5 hornets
  A queen bee (Spider:1)
  A spectral tarantella (Spider:4)
  A harpy skeleton (D:14)
  3 hippogriffs
  2 tarantella zombies (Spider:4)
  9 dream sheep
  10 blink frogs
  A snapping turtle (Shoals:2)
  2 wind drakes
  A centaur simulacrum (D:13)
  2 shadows
  70 redbacks
  35 tarantellas
  14 water elementals
  2 vampires
  Grum (D:10)
  3 wraiths (D:15)
  73 yaks
  A fire elemental (Spider:1)
  5 wyverns
  8 basilisks
  A hog (shapeshifter) (D:15)
  4 hogs (D:7)
  3 hungry ghosts
  16 humans
  2 steam dragons (Lair:6)
  Menkaure (D:14)
  A soldier ant (D:14)
  2 acid dragons
  3 hell hounds (Spider:1)
  17 water moccasins
  10 porcupines
  21 orc warriors
  6 sky beasts
  5 ice beasts
  A swamp drake (Lair:6)
  6 black bears
  Purgy (Sewer)
  3 boggarts (Lair:5)
  19 wolves
  A necrophage (D:6)
  The ghost of Caerwyn the Stinger, an amateur NaVM (D:3)
  11 ogres
  15 centaurs
  17 crocodiles
  A big kobold (D:12)
  14 bullfrogs
  4 earth elementals
  3 water moccasin zombies (Ossuary)
  3 wyvern skeletons
  4 scorpions
  40 killer bees
  9 wights
  A howler monkey (D:6)
  5 crimson imps
  A quasit (D:12)
  8 centaur zombies
  10 hounds
  4 centaur skeletons
  27 orc priests
  2 jellies
  A bullfrog skeleton (D:4)
  40 orc wizards
  2 iguanas
  Terence (D:2)
  5 hell rats (Lair:6)
  7 worker ants
  A killer bee zombie (D:5)
  3 big kobold zombies (Ossuary)
  A hound zombie (D:8)
  6 mummies
  Robin (D:2)
  18 gnolls
  13 adders
  A howler monkey skeleton (D:10)
  A shadow imp (D:13)
  3 oozes
  7 adder zombies
  3 worms
  2 dart slugs (D:2)
  3 leopard geckos
  63 orcs
  4 ball pythons
  10 giant cockroaches
  3 gnoll zombies (Ossuary)
  9 goblins
  9 hobgoblins
  4 quokkas
  13 bats
  12 frilled lizards
  A giant cockroach zombie (D:6)
  2 goblin zombies (D:4)
  4 hobgoblin zombies (Ossuary)
  6 kobolds
  5 kobold zombies (Ossuary)
  A leopard gecko skeleton (D:5)
  7 orc zombies (Ossuary)
  A quokka zombie (D:8)
  7 rats
  12 fungi
  23 plants
1207 creatures vanquished.

Vanquished Creatures (collateral kills)
  An emperor scorpion (Spider:4)
  2 spark wasps (Spider:4)
  A fire dragon (Lair:6)
  5 hydras
  2 merfolk avatars (Shoals:1)
  A death scarab (Spider:4)
  A merfolk aquamancer (Shoals:4)
  A two-headed ogre (D:8)
  A spectral emperor scorpion (Spider:4)
  Sonja (D:10)
  A swamp dragon (Lair:6)
  An unseen horror (D:13)
  An orb spider (Spider:4)
  3 wolf spiders
  3 fauns (Shoals:1)
  A manticore (Shoals:2)
  An orc sorcerer (D:13)
  An elephant (Lair:6)
  A water nymph (Shoals:1)
  A black mamba (Lair:6)
  A merfolk siren (Shoals:1)
  An ice statue (IceCv)
  2 gargoyles (D:11)
  3 komodo dragons
  2 rime drakes (Lair:6)
  A polar bear (IceCv)
  2 jumping spiders (Spider:4)
  A meliai (Spider:1)
  A spectral jumping spider (Spider:4)
  A hornet (D:11)
  3 merfolk
  A wind drake (Shoals:1)
  A hippogriff (Lair:6)
  A spectral tarantella (Spider:4)
  A tarantella zombie (Spider:4)
  2 snapping turtles (Shoals:1)
  3 redbacks
  6 yaks
  4 tarantellas (Spider:4)
  A human (D:14)
  A steam dragon (Lair:6)
  A wraith (D:15)
  2 water moccasins
  A spectral hornet (Spider:4)
  A black bear (Lair:5)
  A boggart (Lair:5)
  2 wolves
  2 ogres
  2 crocodiles (Lair:6)
  A bullfrog (Lair:5)
  An earth elemental (Spider:2)
  6 killer bees
  A gnoll shaman (D:8)
90 creatures vanquished.

Vanquished Creatures (others)
  Nessos (Orc:2)
  A merfolk javelineer (Shoals:4)
  A centaur warrior (D:15)
  2 satyrs (Shoals:3)
  An ugly thing (D:14)
  2 yaktaurs
  A tarantella (Spider:2)
  A redback (Spider:1)
  2 centaurs (D:14)
  An adder skeleton (D:3)
  5 fungi
  15 plants
33 creatures vanquished.

Grand Total: 1330 creatures vanquished

Notes
Turn   | Place    | Note
-------+----------+-------------------------------------------
     0 | D:1      | Yaldabaoth the Minotaur Berserker began the quest for the Orb.
     0 | D:1      | Reached XP level 1. HP: 19/19 MP: 0/0
    70 | D:1      | Reached XP level 2. HP: 27/27 MP: 1/1
   624 | D:1      | Reached XP level 3. HP: 33/33 MP: 2/2
  1006 | D:2      | Noticed Robin
  1014 | D:2      | Reached ** piety under Trog
  1023 | D:2      | Killed Robin
  1117 | D:2      | Reached XP level 4. HP: 40/40 MP: 3/3
  1201 | D:2      | Noticed Terence
  1210 | D:2      | Killed Terence
  1210 | D:2      | Reached skill level 5 in Axes
  1696 | D:3      | Noticed Caerwyn's ghost (amateur NaVM)
  1704 | D:3      | Killed Caerwyn's ghost
  1704 | D:3      | Reached XP level 5. HP: 47/47 MP: 4/4
  1825 | D:3      | Reached XP level 6. HP: 55/55 MP: 5/5
  1991 | D:3      | Reached skill level 5 in Fighting
  2238 | D:4      | Found a stormy altar of Qazlal.
  2351 | D:4      | Found a sand-covered staircase.
  2358 | Ossuary  | Entered an ossuary
  2602 | Ossuary  | Reached *** piety under Trog
  2671 | Ossuary  | Reached XP level 7. HP: 61/61 MP: 6/6
  2828 | D:4      | Reached skill level 5 in Armour
  3343 | D:5      | Entered Level 5 of the Dungeon
  3458 | D:5      | Reached **** piety under Trog
  3539 | D:5      | Found a white marble altar of Elyvilon.
  3588 | D:5      | Reached XP level 8. HP: 70/70 MP: 7/7
  3656 | D:5      | Reached skill level 5 in Dodging
  3840 | D:5      | Found a staircase to the Ecumenical Temple.
  3850 | Temple   | Entered the Ecumenical Temple
  4279 | D:6      | Found a glowing drain.
  4284 | Sewer    | Entered a sewer
  4346 | Sewer    | Noticed Purgy
  4355 | Sewer    | Killed Purgy
  4690 | Sewer    | Gained mutation: You expend magic power (3 MP) to strengthen your wands. [potion of mutation]
  4690 | Sewer    | Gained mutation: You have large cloven feet. [potion of mutation]
  4960 | D:6      | Found a snail-covered altar of Cheibriados.
  5862 | D:7      | Reached XP level 9. HP: 68/79 MP: 8/8
  6023 | D:7      | Reached skill level 10 in Axes
  6219 | D:8      | Noticed a troll
  6234 | D:8      | Killed a troll
  6568 | D:8      | Reached XP level 10. HP: 90/90 MP: 9/9
  6713 | D:8      | Noticed a red ugly thing
  6720 | D:8      | Killed a red ugly thing
  6976 | D:8      | Noticed a two-headed ogre
  6987 | D:8      | Killed a two-headed ogre
  7388 | D:8      | Found Zoadde's Book Shoppe.
  7904 | D:9      | Noticed yaymichael's ghost (novice OgWz)
  7926 | D:9      | Killed yaymichael's ghost
  8226 | D:9      | Reached XP level 11. HP: 98/99 MP: 10/10
  8335 | D:9      | Reached ***** piety under Trog
  8388 | D:9      | Noticed a two-headed ogre
  8396 | D:9      | Killed a two-headed ogre
  8396 | D:9      | Reached skill level 10 in Fighting
  8917 | D:10     | Entered Level 10 of the Dungeon
  8917 | D:10     | Found a staircase to the Lair.
  8924 | D:10     | Noticed Sonja
  8937 | D:10     | Killed Sonja
  8987 | D:10     | Found an opulent altar of Gozag.
  9045 | D:10     | Killed an unseen horror
  9356 | D:10     | Noticed Grum
  9365 | D:10     | Killed Grum
  9506 | D:10     | Reached skill level 10 in Armour
  9696 | D:10     | Noticed Bunnehwyld's ghost (journeyman GrBe)
  9715 | D:10     | Killed Bunnehwyld's ghost
  9808 | D:10     | Identified a scroll of acquirement
  9809 | D:10     | Got a brightly glowing executioner's axe
  9810 | D:10     | Identified the +9 executioner's axe "Ujey" {flame, +Blink Stlth+} (You acquired it on level 10 of the Dungeon)
  9926 | D:10     | Noticed Fannar
  9934 | D:10     | Killed Fannar
 10203 | Lair:1   | Entered Level 1 of the Lair of Beasts
 10960 | Lair:2   | Reached XP level 12. HP: 100/110 MP: 11/11
 10987 | Lair:2   | Reached skill level 10 in Dodging
 11168 | Lair:2   | Reached skill level 15 in Axes
 11793 | Lair:3   | Received a gift from Trog
 12084 | Lair:3   | Noticed a seven-headed hydra
 12095 | Lair:3   | Killed a five-headed hydra
 12162 | Lair:3   | Got a fine short sword
 12164 | Lair:3   | Identified the +8 short sword of the Queen {pierce, -Tele rPois MR- Str+9} (You found it on level 3 of the Lair of Beasts)
 12461 | Lair:4   | Noticed Harold
 12468 | Lair:4   | Killed Harold
 12641 | Lair:4   | Found a staircase to the Shoals.
 12752 | Lair:4   | Found a hole to the Spider Nest.
 13076 | Lair:4   | Reached XP level 13. HP: 103/118 MP: 12/12
 13335 | Lair:4   | Found the +8 whip "Snakebite" {curare, rPois}
 13799 | Lair:5   | Received a gift from Trog
 13868 | Lair:5   | Found a frozen archway.
 13887 | IceCv    | Entered an ice cave
 14363 | IceCv    | Got a slimy hand axe
 14364 | IceCv    | Identified the +8 hand axe "Demon's Curse" {pain, +Inv Int+4 Stlth+} (You found it in an ice cave)
 14501 | IceCv    | Reached skill level 1 in Evocations
 14632 | IceCv    | Reached skill level 1 in Stealth
 15004 | IceCv    | Noticed a frost giant
 15029 | IceCv    | Killed a frost giant
 15029 | IceCv    | Reached skill level 1 in Shields
 15202 | IceCv    | Identified the Tome of Destructive Summoning
 15283 | Lair:5   | Reached XP level 14. HP: 124/129 MP: 15/15
 15719 | Lair:5   | Paralysed by a boggart for 6 turns
 16012 | Lair:6   | Entered Level 6 of the Lair of Beasts
 16120 | Lair:6   | Found a viscous altar of Jiyva.
 16121 | Lair:6   | Found a staircase to the Slime Pits.
 16338 | Lair:6   | Reached skill level 5 in Evocations
 16430 | Lair:6   | Received a gift from Trog
 16900 | Lair:6   | Reached skill level 5 in Shields
 17876 | D:11     | Found Woha's Pet Rocks.
 17908 | D:11     | Paralysed by a hornet for 1 turns
 18052 | D:11     | Reached skill level 1 in Throwing
 18143 | D:11     | Found a sacrificial altar of Ru.
 18750 | D:12     | Found Vifogor's Food Shop.
 18780 | D:12     | Found a staircase to the Orcish Mines.
 18815 | D:12     | Found a roughly hewn altar of Beogh.
 19040 | D:12     | Found Afys's Jewellery Emporium.
 19052 | D:12     | Bought the amulet of Rihooreh {Spirit rElec rF++ Slay+3} for 815 gold pieces
 19450 | D:12     | Noticed mad's ghost (journeyman HOFE)
 19458 | D:12     | Killed mad's ghost
 19458 | D:12     | Reached XP level 15. HP: 138/138 MP: 19/19
 19590 | D:12     | Found Goevisea's Magic Scroll Shop.
 19593 | D:12     | Bought a scroll of enchant armour for 75 gold pieces
 19593 | D:12     | Bought a scroll of brand weapon for 200 gold pieces
 20089 | D:13     | Received a gift from Trog
 20272 | D:13     | Noticed a storm dragon
 20279 | D:13     | a storm dragon changed into a dire elephant
 20284 | D:13     | Noticed a frost giant
 20284 | D:13     | a dire elephant changed into a frost giant
 20286 | D:13     | Noticed a shadow dragon
 20286 | D:13     | a frost giant changed into a shadow dragon
 20294 | D:13     | Noticed a sphinx
 20294 | D:13     | a shadow dragon changed into a sphinx
 20297 | D:13     | a sphinx changed into a stone giant
 20573 | D:13     | Got a vibrating golden amulet
 20575 | D:13     | Identified the amulet of Xulog {Reflect rPois rN+ SH+3} (You found it on level 13 of the Dungeon)
 20876 | Spider:1 | Entered Level 1 of the Spider Nest
 20900 | Spider:1 | Received a gift from Trog
 20901 | Spider:1 | Got a smoking battleaxe {god gift}
 20907 | Spider:1 | Identified the +6 battleaxe of Free Will {venom, rC+ MP-9 Dex+2 SInv} (Trog gifted it to you on level 1 of the Spider Nest)
 20944 | Spider:1 | Noticed Rupert
 20962 | Spider:1 | Killed Rupert
 21198 | Spider:1 | Noticed Azrael
 21208 | Spider:1 | Killed Azrael
 21456 | Spider:1 | Noticed Asterion
 21475 | Spider:1 | Killed Asterion
 23140 | Spider:2 | Got a warped plate armour
 23141 | Spider:2 | Identified the +4 plate armour of Negligence {rN+ MP+9} (You found it on level 2 of the Spider Nest)
 23620 | Spider:2 | Reached skill level 15 in Fighting
 23621 | Spider:2 | Reached skill level 5 in Throwing
 23689 | Spider:2 | Reached XP level 16. HP: 100/149 MP: 22/22
 24522 | Spider:3 | Reached skill level 10 in Evocations
 24544 | Spider:3 | Reached skill level 15 in Armour
 25046 | Spider:3 | Received a gift from Trog
 25873 | Spider:4 | Entered Level 4 of the Spider Nest
 26531 | Spider:4 | Received a gift from Trog
 27865 | Spider:4 | Reached skill level 10 in Shields
 28616 | Spider:4 | Reached XP level 17. HP: 129/158 MP: 24/24
 28992 | Spider:4 | Got a gossamer rune of Zot
 29456 | Orc:1    | Entered Level 1 of the Orcish Mines
 29464 | Orc:1    | Received a gift from Trog
 29510 | Orc:1    | Found Luef's Food Boutique.
 29891 | Orc:2    | Entered Level 2 of the Orcish Mines
 29894 | Orc:2    | Noticed Nessos
 29908 | Orc:2    | Killed Nessos
 30058 | Orc:2    | Found a staircase to the Elven Halls.
 30092 | Orc:2    | Found Lyafoc's Book Shoppe.
 30092 | Orc:2    | Found Teareg Hylu's Assorted Antiques.
 30092 | Orc:2    | Found Foobo's Weapon Shoppe.
 30111 | Orc:2    | Received a gift from Trog
 30127 | Orc:2    | Found Nompe's Jewellery Emporium.
 30335 | Orc:2    | Bought a pair of runed boots for 195 gold pieces
 30335 | Orc:2    | Bought a potion of heal wounds for 130 gold pieces
 30553 | Orc:2    | Paralysed by an orc sorcerer for 6 turns
 31294 | D:13     | Received a gift from Trog
 31769 | D:14     | Found a gate to the Vaults.
 31769 | D:14     | Noticed Urug
 31786 | D:14     | Received a gift from Trog
 31826 | D:14     | Killed Urug
 31856 | D:14     | Noticed RedSky's ghost (journeyman TrMo)
 31944 | D:14     | Killed RedSky's ghost
 32625 | D:14     | Found the amulet of Vitality {Regen+ HP+15}
 32626 | D:14     | Noticed Menkaure
 32634 | D:14     | Killed Menkaure
 32634 | D:14     | Received a gift from Trog
 33187 | D:14     | Noticed Kirke
 33196 | D:14     | Killed Kirke
 33277 | D:15     | Entered Level 15 of the Dungeon
 33305 | D:15     | Found a shadowy altar of Dithmenos.
 33316 | D:15     | Found an iron altar of Okawaru.
 34004 | D:15     | Noticed Josephine
 34023 | D:15     | Killed Josephine
 34300 | D:15     | Found a staircase to the Depths.
 34763 | Shoals:1 | Entered Level 1 of the Shoals
 34813 | Shoals:1 | Received a gift from Trog
 35300 | Shoals:1 | Received a gift from Trog
 36066 | Shoals:2 | Reached XP level 18. HP: 168/168 MP: 26/26
 36289 | Shoals:3 | Received a gift from Trog
 36395 | Shoals:3 | Noticed Mara
 36419 | Shoals:3 | Noticed Yaldabaoth's illusion
 36702 | Shoals:3 | Received a gift from Trog
 36708 | Shoals:3 | Noticed Yaldabaoth's illusion
 37048 | Shoals:3 | Noticed Yaldabaoth's illusion
 37076 | Shoals:3 | HP: 4/168 [Mara (illusionary)/nerve-wracking pain (8)]
 37493 | Shoals:3 | Noticed Yaldabaoth's illusion
 37803 | Shoals:3 | Killed Mara
 38333 | Shoals:4 | Entered Level 4 of the Shoals
 38490 | Shoals:4 | Received a gift from Trog
 38496 | Shoals:4 | Found a flickering gateway to a bazaar.
 38502 | Bazaar   | Entered a bazaar
 38516 | Bazaar   | Found Onocsim's Weapon Emporium.
 38538 | Bazaar   | Found Joemp's Book Emporium.
 38643 | Shoals:4 | Noticed Ilsuiw
 38682 | Shoals:4 | HP: 6/169 [drowned by a water elemental[Ilsuiw] (7)]
 38719 | Shoals:4 | Killed from afar by Ilsuiw

Vault maps used:
D:1:      tarquinn_simple_flora_water_e
D:2:      first_ration, grunt_ministairs_3, uniq_robin, uniq_terence
D:3:      minmay_misc_feat_rows
D:4:      kennysheep_mini_moat, nicolae_ossuary_entry_giza
D:5:      minmay_temple_entry_butterflies, elyvilon_altar_1
D:6:      portal_sewer_entry_e, cheibrodos_worm_habitat
D:7:      grunt_livestock
D:8:      minmay_curly_fans, serial_shops, shop
D:9:      dk_vineyard_3
D:10:     lair_entry_dummy, minmay_holes,
          nicolae_gozag_cash_rules_everything_around_me, uniq_fannar,
          uniq_sonja, uniq_grum
D:11:     basic_altar, guppyfry_shop_earth
D:12:     minmay_orc_entry_temple_small, serial_shops, shop,
          nicolae_shop_temple_entry_statues_fountains, kennysheep_mini
D:13:     minmay_expanding_squares, lightli_minifort
D:14:     ragdoll_tomb_raider, david_vaults_3, hangedman_decor_lopped,
          uniq_kirke
D:15:     grunt_enter_depths_snipers, okawaru_ov_weapons_minmay,
          nicolae_dithmenos_through_a_glass_darkly, uniq_josephine
Temple:   kilobyte_greek_temple
Lair:3:   grunt_megastairs_1
Lair:4:   minmay_guarded_unrand_snakebite, minmay_shoals_entry_centaurs,
          nicolae_spider_entry_tight_spaces, uniq_harold
Lair:5:   portal_ice_cave_rime, kilobyte_rumbling_trees, grunt_megastairs_2,
          infiniplex_staircase_pool_2
Lair:6:   hangedman_lair_in_review, guppyfry_lair_end_dragon, slime_altar_1
Shoals:3: uniq_mara
Shoals:4: shoals_end_grunt_ice, shoal_ilsuiw, serial_shops, bzr_entry_safe,
          yaktaur_hedge
Spider:1: special_room, hangedman_spider_mandibles, uniq_azrael, uniq_rupert,
          uniq_asterion
Spider:2: hangedman_stitches_earthworm
Spider:4: floodkiller_spider_rune_tomb, nicolae_spider_stair_cavern
Orc:1:    serial_shops, nicolae_shop_crystal, mumra_transporter_accident
Orc:2:    st_orc_mages, guppyfry_library_mini, uniq_nessos
Bazaar:   bazaar_short_row
Sewer:    sewer_co_purgy_island
Ossuary:  ossuary_tomb_2
IceCv:    ice_cave_caverns_02

Skill      XL: |  1  2  3  4  5  6  7  8  9 10 11 12 13 14 15 16 17 18 |
---------------+-------------------------------------------------------+-----
Axes           | 4 5 6 8 9 11 13 14 16 17 | 17.7
Fighting       | 4 5 6 7 8 9 11 12 13 14 15 16 17 | 17.1
Armour         | 3 4 5 6 8 9 10 11 13 14 15 16 | 16.9
Dodging        | 3 4 6 7 8 9 11 12 13 | 13.1
Evocations     | 3 7 9 11 12 | 12.3
Stealth        | 2 3 |  3.0
Shields        | 1 6 8 10 11 12 | 12.3
Throwing       | 1 5 7 8 9 |  9.4

Action                   |  1- 3 |  4- 6 |  7- 9 | 10-12 | 13-15 | 16-18 || total
-------------------------+-------+-------+-------+-------+-------+-------++-------
Melee: Hand axe          |    88 |   148 |   324 |   103 |  1070 |  1757 ||  3490
       Headbutt          |    16 |    34 |    54 |    89 |   336 |   503 ||  1032
       Kick              |       |       |    37 |   145 |    20 |       ||   202
       War axe           |       |       |       |   161 |       |       ||   161
       Executioner's axe |       |       |       |   177 |    68 |       ||   245
Throw: Tomahawk          |       |     1 |       |     2 |    26 |     4 ||    33
Invok: Berserk           |     1 |     6 |    14 |    15 |    34 |    35 ||   105
       Trog's Hand       |       |     1 |       |     4 |     4 |    16 ||    25
       Brothers in Arms  |       |       |     2 |     4 |    18 |    18 ||    42
       Burn Spellbooks   |       |       |       |       |     3 |     3 ||     6
 Abil: Evoke Invisibilit |       |       |       |       |     1 |     5 ||     6
Evoke: Wand              |       |       |       |       |       |     8 ||     8
       Lightning rod     |       |       |       |       |       |     4 ||     4
  Use: Scroll            |       |     4 |    13 |     6 |    13 |    16 ||    52
       Potion            |       |       |    14 |     4 |    15 |    11 ||    44
 Stab: Sleeping          |     2 |       |       |       |     1 |     7 ||    10
       Distracted        |       |       |       |     1 |     1 |     5 ||     7
       Invisible         |       |       |       |       |       |    24 ||    24
  Eat: Chunk             |     2 |     8 |    17 |    16 |    19 |    15 ||    77
       Ration            |       |     1 |     2 |     7 |    17 |    24 ||    51
Armor: Animal skin       |    14 |       |       |       |       |       ||    14
       Chain mail        |    20 |    67 |   106 |       |       |       ||   193
       Plate armour      |       |       |    55 |   224 |   187 |       ||   466
       Skin              |       |       |    17 |    79 |       |       ||    96
       Fire dragon scale |       |       |       |       |   198 |   642 ||   840
Dodge: Dodged            |    61 |    55 |   168 |   263 |   577 |   865 ||  1989
Block: Other             |       |       |    30 |    28 |    16 |       ||    74
       Reflection        |       |       |       |     2 |     7 |    96 ||   105
       Large shield      |       |       |       |       |   804 |  1961 ||  2765

Table legend:
 A = Spawn XP
 B = Non-spawn XP
 C = Spawn XP percentage of total XP
 D = Spawn monster count
 E = Non-spawn monster count
 F = Spawn count percentage of total count
 G = Total turns spent on level
                    A         B        C        D         E        F      G
               +---------+---------+-------+---------+---------+-------+---------
         Total |       0 |  331421 |   0.0 |       0 |    1274 |   0.0 | 38719
               +---------+---------+-------+---------+---------+-------+---------
           D:1 |       0 |      43 |   0.0 |       0 |      25 |   0.0 |   825
           D:2 |       0 |     135 |   0.0 |       0 |      34 |   0.0 |   790
           D:3 |       0 |     317 |   0.0 |       0 |      26 |   0.0 |   503
           D:4 |       0 |     217 |   0.0 |       0 |      12 |   0.0 |   766
           D:5 |       0 |     556 |   0.0 |       0 |      13 |   0.0 |   605
           D:6 |       0 |     737 |   0.0 |       0 |      14 |   0.0 |   835
           D:7 |       0 |    1229 |   0.0 |       0 |       9 |   0.0 |   604
           D:8 |       0 |    4058 |   0.0 |       0 |      59 |   0.0 |  1709
           D:9 |       0 |    4558 |   0.0 |       0 |      49 |   0.0 |  1108
          D:10 |       0 |    6873 |   0.0 |       0 |      32 |   0.0 |  1424
          D:11 |       0 |    5331 |   0.0 |       0 |      24 |   0.0 |   966
          D:12 |       0 |    5547 |   0.0 |       0 |      35 |   0.0 |  1244
          D:13 |       0 |   18154 |   0.0 |       0 |      61 |   0.0 |  1625
          D:14 |       0 |   27290 |   0.0 |       0 |      71 |   0.0 |  1438
          D:15 |       0 |   14779 |   0.0 |       0 |      34 |   0.0 |  1261
        Lair:1 |       0 |    2029 |   0.0 |       0 |      10 |   0.0 |   796
        Lair:2 |       0 |    7117 |   0.0 |       0 |      32 |   0.0 |   797
        Lair:3 |       0 |    2562 |   0.0 |       0 |      10 |   0.0 |   833
        Lair:4 |       0 |   11915 |   0.0 |       0 |      46 |   0.0 |  1567
        Lair:5 |       0 |   14116 |   0.0 |       0 |      41 |   0.0 |   941
        Lair:6 |       0 |   22194 |   0.0 |       0 |      73 |   0.0 |  1734
      Shoals:1 |       0 |    9333 |   0.0 |       0 |      25 |   0.0 |   801
      Shoals:2 |       0 |    2817 |   0.0 |       0 |       6 |   0.0 |  1605
      Shoals:3 |       0 |   25241 |   0.0 |       0 |      39 |   0.0 |  1164
      Shoals:4 |       0 |   15076 |   0.0 |       0 |      30 |   0.0 |   297
      Spider:1 |       0 |   21399 |   0.0 |       0 |      62 |   0.0 |  2043
      Spider:2 |       0 |   16844 |   0.0 |       0 |      59 |   0.0 |  2323
      Spider:3 |       0 |   18914 |   0.0 |       0 |      52 |   0.0 |   698
      Spider:4 |       0 |   45089 |   0.0 |       0 |     108 |   0.0 |  3256
         Orc:1 |       0 |    1928 |   0.0 |       0 |      19 |   0.0 |   449
         Orc:2 |       0 |   10163 |   0.0 |       0 |      73 |   0.0 |  1092
         Sewer |       0 |     132 |   0.0 |       0 |       8 |   0.0 |   484
       Ossuary |       0 |     386 |   0.0 |       0 |      30 |   0.0 |   459
         IceCv |       0 |   14342 |   0.0 |       0 |      53 |   0.0 |  1359
               +---------+---------+-------+---------+---------+-------+---------
